 Dungeon Crawl Stone Soup version 0.17-a0-2002-g92c7e20 (webtiles) character file.

11337 tp1 the Protected (level 11, -4/72 HPs)
             Began as a Gargoyle Berserker on Oct 8, 2015.
             Was a High Priest of Trog.
             Slain by a white ugly thing (7 damage)
             ... on level 11 of the Dungeon.
             The game lasted 00:48:15 (8685 turns).

tp1 the Protected (Gargoyle Berserker)              Turns: 8685, Time: 00:48:15

Health: -4/72      AC: 24    Str: 24    XL:     11   Next: 76%
Magic:  0/11       EV:  8    Int:  7    God:    Trog [*****.]
Gold:   561        SH:  0    Dex: 10    Spells: 0 memorised, 10 levels left

rFire  . . .     SeeInvis .     O - +2 morningstar (curse)
rCold  . . .     Clarity  .     I - +0 plate armour
rNeg   + . .     SustAt   .     (no shield)
rPois  ∞         Gourm    .     (no helmet)
rElec  +         Spirit   +     (no cloak)
rCorr  .         Warding  .     u - +0 pair of gloves
rMut   .         Stasis   .     s - +0 pair of boots
MR     .....                    A - amulet of guardian spirit
Stlth  ..........               (no ring)
                                (no ring)

@: not resistant to hostile enchantments, extremely unstealthy
A: negative energy resistance 1, electricity resistance, unbreathing,
petrification resistance, rot immunity, AC +7
a: Burn Spellbooks, Berserk, Trog's Hand, Brothers in Arms, Renounce Religion


You were on level 11 of the Dungeon.
You worshipped Trog.
Trog was extremely pleased with you.
You were not hungry.

You visited 1 branch of the dungeon, and saw 12 of its levels.

You collected 561 gold pieces.

Inventory:

Hand Weapons
 a - the +11 hand axe "Tog Usy" {freeze, Dex+4}
   (Trog gifted it to you on level 8 of the Dungeon)

   It has been specially enchanted to freeze those struck by it, causing extra
   injury to most foes and up to half again as much damage against particularly
   susceptible opponents.
   It can also slow down cold-blooded creatures.
   It affects your dexterity (+4).
 k - a +2 war axe of venom
 C - a +3 flail of holy wrath
 J - a +4 battleaxe
 M - a +0 war axe
 O - a cursed +2 morningstar (weapon)
 S - a +2 battleaxe of flaming
 T - a cursed +1 dire flail
Armour
 o - a +0 ring mail
 s - a +0 pair of boots (worn)
 u - a +0 pair of gloves (worn)
 x - a +0 leather armour
 y - a +0 scale mail
 I - a +0 plate armour (worn)
Jewellery
 m - an uncursed amulet of guardian spirit
 A - an amulet of guardian spirit (around neck)
 E - an uncursed ring of magical power {unknown}
Wands
 D - a wand of random effects (19)
 F - a wand of confusion (20)
 L - a wand of paralysis (7)
 N - a wand of lightning (4)
Scrolls
 e - 5 scrolls of identify
 f - 2 scrolls of noise
 h - 2 scrolls of enchant armour
 i - 2 scrolls of fog
 p - 2 scrolls of recharging
 r - 5 scrolls of teleportation
 G - 2 scrolls of blinking
 Q - a scroll of enchant weapon
Potions
 b - 2 potions of invisibility {unknown}
 j - a potion of mutation {unknown}
 n - 2 potions of ambrosia {unknown}
 q - 2 potions of heal wounds {unknown}
 t - a potion of flight {unknown}
 v - 2 potions of brilliance {unknown}
 w - 2 potions of poison {unknown}
 H - a potion of lignification {unknown}
 K - a potion of magic {unknown}
 P - 2 potions of curing
 R - a potion of berserk rage {unknown}
 V - a potion of might {unknown}
Comestibles
 c - 3 bread rations
 d - 5 meat rations
 g - 13 fruits
 l - 2 royal jellies
 z - a slice of pizza
 B - 3 beef jerkies
 U - a chunk of flesh


   Skills:
 + Level 9.7 Fighting
 + Level 9.4(10.7) Axes
 * Level 9.1(11.0) Maces & Flails
 - Level 10.2 Armour
 + Level 2.8 Dodging


You had 10 spell levels left.
You didn't know any spells.

Dungeon Overview and Level Annotations

Branches:
Dungeon (12/15)            Temple (0/1) D:5            Lair (0/8) D:11
    Orc: D:9-12

Altars:
Cheibriados
Elyvilon
Gozag
Kikubaaqudgha
Makhleb
Nemelex Xobeh
Okawaru
Ru
Sif Muna
Trog
Xom
Yredelemnul


Innate Abilities, Weirdness & Mutations

You are resistant to torment.
Your stone body is resilient (AC +7).
You are immune to poison.
You resist negative energy.
You are resistant to electric shocks.
You can survive without breathing.
You are immune to petrification.
You are immune to rotting.


Message History

The white ugly thing freezes you!!
Things that are here:
a short sword; a scale mail You closely miss the white ugly thing.
The white ugly thing tentacle-slaps you but does no damage.
You hit the white ugly thing.
The white ugly thing is lightly wounded.
You closely miss the white ugly thing.
The white ugly thing is lightly wounded.
The white ugly thing barely misses you.
You puncture the white ugly thing!
The white ugly thing is moderately wounded.
The white ugly thing tentacle-slaps you!
* * * LOW HITPOINT WARNING * * *
The white ugly thing freezes you!
* * * LOW HITPOINT WARNING * * *
You barely miss the white ugly thing.
The white ugly thing is moderately wounded.
The white ugly thing tentacle-slaps you!
You die...

#..####.#[###<##
................
..####.#.#..... #####
#.#.#.#### ...# #.#.#.#
###.#######.#.#.#
#.............#+###
#.##....#.#######.......#
.?#.# #@# #.......# .. ..
#u# #.......## .#.# #.#
#.......'. .[.# #.#
#.......## #..# #.#
#.......# #..# #.#
#.......# #..# #.#
###'#####
##########..##.#.# #.#
...............# #.######


You could see a white ugly thing.

Vanquished Creatures
  Erica (D:9)
  The ghost of Bnni the Basher, a novice DsGl of Ru (D:9)
  An unseen horror (D:11)
  Psyche (D:9)
  2 two-headed ogres
  4 trolls
  A trapdoor spider (D:11)
  A wyvern (D:10)
  A hippogriff (D:8)
  2 hungry ghosts
  Eustachio (D:6)
  A deep elf mage (D:11)
  Grum (D:9)
  5 yaks
  A deep elf fighter (D:11)
  2 wolves (D:9)
  Edmund (D:5)
  A mottled dragon (D:11)
  Duvessa (D:6)
  4 ice beasts
  A phantom (D:6)
  2 necrophages
  4 orc warriors
  2 centaurs
  2 sky beasts
  A black bear (D:6)
  4 ogres
  An eye of draining (D:10)
  A big kobold (D:6)
  A gnoll sergeant (D:9)
  5 giant frogs
  Dowan (D:6)
  A wyvern skeleton (D:11)
  4 scorpions
  12 wights
  5 crimson imps
  A giant frog zombie (D:7)
  14 killer bees
  4 hounds
  6 iguanas
  7 orc priests
  Ijyb (D:2)
  2 jellies (D:11)
  9 orc wizards
  2 giant frog skeletons
  A centaur skeleton (D:7)
  4 worker ants
  A hound skeleton (D:11)
  12 adders
  15 gnolls
  3 shadow imps
  2 river rats (D:11)
  An ooze (D:1)
  2 adder skeletons
  3 worms
  8 giant geckos
  47 orcs
  6 giant cockroaches
  16 goblins
  7 hobgoblins
  6 jackals
  6 quokkas
  A ball python (D:3)
  27 bats
  6 giant newts
  A jackal skeleton (D:4)
  16 kobolds
  A quokka skeleton (D:7)
  A quokka zombie (D:3)
  14 rats
333 creatures vanquished.

Vanquished Creatures (others)
  A wizard (D:10)
1 creature vanquished.

Grand Total: 334 creatures vanquished

Notes
Turn   | Place    | Note
--------------------------------------------------------------
     0 | D:1      | tp1 the Gargoyle Berserker began the quest for the Orb.
     0 | D:1      | Reached XP level 1. HP: 14/14 MP: 1/1
   121 | D:1      | Reached XP level 2. HP: 9/19 MP: 2/2
   194 | D:1      | Acquired Trog's second power
   484 | D:1      | Reached XP level 3. HP: 23/23 MP: 3/3
   712 | D:2      | Noticed Ijyb
   725 | D:2      | Killed Ijyb
   725 | D:2      | Reached skill level 4 in Axes
   725 | D:2      | Reached XP level 4. HP: 25/28 MP: 4/4
   863 | D:2      | Found an iron altar of Okawaru.
  1243 | D:3      | Found a shimmering altar of Xom.
  1295 | D:3      | Reached XP level 5. HP: 27/32 MP: 5/5
  1381 | D:3      | Found a faded altar to an unknown god.
  1508 | D:3      | Reached skill level 5 in Axes
  1560 | D:3      | Found an opulent altar of Gozag.
  1581 | D:3      | Reached XP level 6. HP: 30/37 MP: 6/6
  1987 | D:4      | Acquired Trog's third power
  1999 | D:4      | Reached skill level 1 in Maces & Flails
  2211 | D:4      | Reached skill level 5 in Armour
  2224 | D:4      | Found a deep blue altar of Sif Muna.
  2362 | D:4      | Found a sparkling altar of Nemelex Xobeh.
  2457 | D:4      | Found a burning altar of Makhleb.
  2533 | D:4      | Found a white marble altar of Elyvilon.
  2578 | D:4      | Reached XP level 7. HP: 35/41 MP: 5/7
  2751 | D:5      | Entered Level 5 of the Dungeon
  2817 | D:5      | Noticed Edmund
  2834 | D:5      | Killed Edmund
  2858 | D:5      | Reached skill level 6 in Armour
  3066 | D:5      | Reached XP level 8. HP: 37/46 MP: 8/8
  3208 | D:5      | Found a staircase to the Ecumenical Temple.
  3217 | D:5      | Reached skill level 7 in Armour
  3635 | D:5      | Found a sacrificial altar of Ru.
  3758 | D:6      | Reached skill level 5 in Maces & Flails
  3795 | D:6      | Noticed Dowan
  3797 | D:6      | Noticed Duvessa
  3804 | D:6      | Killed Duvessa
  3804 | D:6      | Reached skill level 8 in Armour
  3804 | D:6      | Killed Dowan
  3845 | D:6      | Received a gift from Trog
  4033 | D:6      | Reached XP level 9. HP: 30/52 MP: 5/9
  4091 | D:6      | Noticed Eustachio
  4119 | D:6      | Killed Eustachio
  4150 | D:6      | Reached skill level 9 in Armour
  4748 | D:7      | Reached skill level 5 in Fighting
  4812 | D:7      | Found a basalt altar of Yredelemnul.
  5100 | D:8      | Reached skill level 10 in Armour
  5392 | D:8      | Found a bloodstained altar of Trog.
  5402 | D:8      | Received a gift from Trog
  5407 | D:8      | Got a fine hand axe {god gift}
  5408 | D:8      | Identified the +11 hand axe "Tog Usy" {freeze, Dex+4} (Trog gifted it to you on level 8 of the Dungeon)
  5450 | D:8      | Reached XP level 10. HP: 60/60 MP: 10/10
  5750 | D:9      | Noticed Bnni's ghost (novice DsGl)
  5768 | D:9      | Killed Bnni's ghost
  6079 | D:9      | Noticed Psyche
  6091 | D:9      | Killed Psyche
  6143 | D:9      | Noticed Grum
  6156 | D:9      | Killed Grum
  6227 | D:9      | Noticed Erica
  6235 | D:9      | Killed Erica
  6470 | D:9      | Reached XP level 11. HP: 69/69 MP: 11/11
  6659 | D:9      | Found a snail-covered altar of Cheibriados.
  6659 | D:9      | Found an ancient bone altar of Kikubaaqudgha.
  6682 | D:10     | Entered Level 10 of the Dungeon
  6793 | D:10     | Found a bloodstained altar of Trog.
  6795 | D:10     | Noticed a wizard
  7302 | D:10     | Received a gift from Trog
  7584 | D:10     | Killed a wizard
  8032 | D:11     | Found a staircase to the Lair.
  8233 | D:11     | Killed an unseen horror
  8684 | D:11     | HP: 3/72 [white ugly thing (13)]
  8685 | D:11     | Slain by a white ugly thing

Vault maps used:
D:1:      saegor_arrival_simple_c
D:2:      kennysheep_the_goblin_king, okawaru_metal_pillars_3,
          small_statue_intersection
D:3:      lemuel_doored_altar, nicolae_gozag_seed_capital, ecumenical_altar_1
D:4:      nemelex_deck, makhleb_heckhound_becter, led_sif_book,
          kennysheep_mini_moat
D:5:      lemuel_coloured_pillars_altar, minmay_temple_entry_nine_rooms,
          first_bread, guppyfry_early_orc_mine, uniq_edmund
D:6:      hangedman_decor_peaks_small, kennysheep_generic_room_5,
          uniq_eustachio, uniq_duvessa
D:7:      kennysheep_mini
D:8:      serial_glass, glass_columns_c, glass_columns_b, trog_hazing_becter
D:9:      amethyst_overflow_temple_binary, uniq_psyche, uniq_grum, uniq_erica
D:10:     trog_wizard
D:11:     grunt_lair_entry_elf_guard_hut
D:12:     erik_orc_1, nicolae_trove_entry_crossroad, hangedman_tell_no_tales,
          minivault_16

Action                   |  1- 3 |  4- 6 |  7- 9 | 10-12 || total
-------------------------+-------+-------+-------+-------++-------
Melee: Hand axe          |    99 |    15 |     4 |    87 ||   205
       War axe           |       |    75 |   208 |   148 ||   431
       Flail             |       |    83 |    47 |    13 ||   143
       Mace              |       |     4 |       |       ||     4
       Dire flail        |       |       |    33 |       ||    33
       Battleaxe         |       |       |    53 |       ||    53
       Morningstar       |       |       |       |   263 ||   263
Invok: Berserk           |       |       |     1 |     2 ||     3
       Trog's Hand       |       |       |     1 |     1 ||     2
       Brothers in Arms  |       |       |     1 |       ||     1
       Burn Spellbooks   |       |       |       |     1 ||     1
  Use: Scroll            |       |       |    10 |     2 ||    12
  Eat: Chunk             |       |     5 |    16 |     6 ||    27
       Bread ration      |       |       |     2 |     5 ||     7
